Cogmind - Beta 13 *** ADVENTURER MODE // 2024.07.25 @ 18:52:29 Player: Jefffff Result: Destroyed by X0-PYQ(R) with Subdweller Beam Cannon Performance ------------- Evolutions (0) 0 Regions Visited (2) 400 Robots Destroyed (39) 195 Value Destroyed (830) 830 Prototype IDs (3) 60 Alien Tech Used (0) 0 Bonus (0) 0 TOTAL SCORE: 1485 Bonus ------- None Cogmind --------- Core Integrity 0/250 Matter 285/300 Energy 59/125 System Corruption 0% Temperature Cool (18) Movement Rolling (305) Ox15 Location -10/Subcaves Parts ------- > --- POWER (1) -------- Light Ion Engine > --- PROPULSION (2) --- Wheel > --- UTILITY (2) ------ Cargo Storage Unit > --- WEAPON (2) ------- Subdweller Beam Cannon Barrage Gun > --- INVENTORY (30) --- Light Ion Engine Subdweller Power Source Subdweller Power Source Light Treads Light Treads Light Treads Spiked Treads Wheel Wheel Subdweller Monowheel High-capacity Matter Pod (200) Structural Scanner Visual Processing Unit Sensor Array Signal Interpreter Improved Terrain Scanner Terrain Scan Processor Weapon Shielding Light Armor Plating Scrap Shield Tractor Beam Field Recycling Unit (0) Riot Gun Battle Rifle Battle Cannon Multitool Hammer Peak State ------------ > --- POWER ------------ Light Ion Engine > --- PROPULSION ------- Subdweller Monowheel Subdweller Monowheel > --- UTILITY ---------- Cargo Storage Unit > --- WEAPON ----------- Riot Gun Subdweller Beam Cannon > --- INVENTORY -------- Light Ion Engine Light Treads Light Treads Light Treads Spiked Treads Wheel Wheel Wheel Subdweller Monowheel High-capacity Matter Pod Structural Scanner Visual Processing Unit Sensor Array Signal Interpreter Improved Terrain Scanner Terrain Scan Processor Weapon Shielding Light Armor Plating Scrap Shield Tractor Beam Field Recycling Unit Battle Rifle Barrage Gun Battle Cannon Multitool Hammer [Rating: 16] Favorites ----------- Power Ion Engine Engine Ion Engine Propulsion Light Treads Treads Light Treads Wheel Wheel Utility Cargo Storage Unit Storage Cargo Storage Unit Weapon Light Assault Rifle Energy Gun Particle Gun Energy Cannon Subdweller Beam Cannon Ballistic Gun Light Assault Rifle Launcher Grenade Launcher Impact Weapon Hammer Build | -11 -10 -10 ------- Run | Yrd Mat Sub Slots Evolved . | . . . Power . | . . . Propulsion . | . . . Utility . | . . . Weapon . | . . . Parts Attached 44 | 7 21 16 Power 8 | 1 4 3 Engine 8 | 1 4 3 Core . | . . . Reactor . | . . . Propulsion 18 | 2 8 8 Treads 4 | 2 2 . Leg . | . . . Wheel 14 | . 6 8 Hover . | . . . Flight . | . . . Utility 4 | 1 3 . Device . | . . . Storage 4 | 1 3 . Processor . | . . . Hackware . | . . . Protection . | . . . Artifact . | . . . Weapon 14 | 3 6 5 Energy Gun 6 | 1 3 2 Energy Cannon 1 | . . 1 Ballistic Gun 5 | 2 2 1 Ballistic Cannon . | . . . Launcher 1 | . . 1 Special Weapon . | . . . Impact Weapon 1 | . 1 . Slashing Weapon . | . . . Piercing Weapon . | . . . Special Melee Weapon . | . . . Unidentified Prototypes . | . . . Parts Lost 11 | . 1 10 Power 3 | . 1 2 Propulsion 5 | . . 5 Utility . | . . . Weapon 3 | . . 3 Highest Loss Streak 2 | . 1 2 To Critical Strikes . | . . . Average Slot Usage (%) 85 | . 87 82 Engine 13 | . 13 13 Treads 8 | . 12 . Wheel 18 | . 14 26 Storage 17 | . 18 14 Energy Gun 8 | . 7 8 Energy Cannon 2 | . . 7 Ballistic Gun 12 | . 14 6 Launcher 1 | . . 4 Impact Weapon 3 | . 5 . Naked Turns . | . . . Heaviest Build 154 | 12 149 154 Greatest Support 40 | 40 40 40 Greatest Overweight (x) 14 | 2 14 14 Average Overweight (x) 3 | . 3 4 Largest Inventory Capacity 30 | 8 30 30 Average Capacity 25 | 5 24 30 Most Carried 30 | 5 30 30 Average Carried 20 | 3 16 28 Final Capacity 30 | 8 30 30 Final Carried 28 | 1 28 28 Class Distribution -------------------- 73% | Hauler-Mutant 26% | Mutant Dominant Class ---------------- Hauler-Mutant | -10/Materials Hauler-Mutant | -10/Subcaves Resources | -11 -10 -10 ----------- Run | Yrd Mat Sub Matter Collected 1085 | 227 573 285 Remotely . | . . . Salvage Created 1106 | . 861 245 Parts 86 | . 62 24 Haulers Intercepted 1 | . 1 . Recyclers Shooed 1 | . 1 . Parts Field Recycled . | . . . Retrieved Matter . | . . . Parts Self-Destructed 25 | . . 25 Prevented . | . . . Kills | -11 -10 -10 ------- Run | Yrd Mat Sub Combat Hostiles Destroyed 25 | . 15 10 Guns 21 | . 15 6 Cannons 2 | . . 2 AOE 2 | . . 2 Classes Destroyed 10 | . 8 2 Worker 2 | . 2 . Builder 3 | . 3 . Tunneler 1 | . 1 . Hauler 1 | . 1 . Recycler 2 | . 2 . Turret 2 | . . 2 Watcher 3 | . 3 . Swarmer 9 | . 3 6 Grunt 12 | . 12 . Subdweller 4 | . . 4 Best Kill Streak 6 | . 6 6 Combat Bots Only 5 | . 5 4 Max Kills in Single Turn 2 | . 2 1 Gunslinging . | . . . Exploded 1 | . . 1 Melee . | . . . Uniques/NPCs Destroyed . | . . . Combat | -11 -10 -10 -------- Run | Yrd Mat Sub Hostile Shots Fired 193 | . 82 111 Missed 58 | . 21 37 Damage Taken 1413 | . 553 860 Core 256 | . 82 174 Absorbed by Shields . | . . . Ignored by Resistances 415 | . 171 244 Regen/Repaired (Parts) 241 | . 241 . Core Remaining (%) 100 | 100 . . Volleys Fired 153 | . 100 53 Largest 2 | . 2 2 Hottest 145 | . 85 145 Shots Fired 237 | . 150 87 Gun 208 | . 150 58 Cannon 16 | . . 16 Launcher 13 | . . 13 Special . | . . . Kinetic 151 | . 115 36 Thermal 65 | . 35 30 Explosive 13 | . . 13 Electromagnetic 8 | . . 8 Robot Hit Streak 29 | . 19 29 Robot Miss Streak 3 | . 3 3 Penetration Max . | . . . Secondary Targets 2 | . 2 . Max Gunslinging Chain 1 | . 1 . Shots Hit Robots 174 | . 113 61 Core Hits 76 | . 52 24 Critical Kills 1 | . 1 . Critical Parts Destroyed . | . . . Critical Strikes 2 | . 1 1 Burn 1 | . . 1 Destroy 1 | . 1 . Melee Attacks . | . . . Impact . | . . . Slashing . | . . . Piercing . | . . . Sneak Attacks . | . . . Combat Hostiles . | . . . Follow-up Attacks . | . . . Damage Inflicted 1988 | . 1105 883 Guns 1482 | . 1105 377 Cannons 201 | . . 201 Explosions 305 | . . 305 Melee . | . . . Ramming . | . . . Kinetic 883 | . 701 182 Thermal 724 | . 404 320 Explosive 305 | . . 305 Electromagnetic 76 | . . 76 Impact . | . . . Slashing . | . . . Piercing . | . . . Highest Corruption . | . . . Average Corruption . | . . . Corruption Purged . | . . . Corruption Blocked . | . . . Overload Shots . | . . . Overflow Damage 7 | . . 7 Projectiles . | . . . Explosions 7 | . . 7 Melee . | . . . Knockbacks . | . . . Impact . | . . . Kinetic . | . . . Secondary . | . . . Self-Inflicted Damage 11 | . . 11 Shots 1 | . . 1 Rammed . | . . . Targets Rammed . | . . . Kicked . | . . . Crushed . | . . . Highest Temperature 293 | . 293 54 Average Temperature 57 | . 74 15 Received Heat Transfer 636 | . 357 279 Siege Activations . | . . . Robots Corrupted . | . . . Combat Hostiles . | . . . Parts Fried . | . . . Impact Corruptions . | . . . Robots Melted . | . . . Combat Hostiles . | . . . Parts Melted 3 | . 1 2 Heat Transferred 1591 | . 962 629 Parts Sabotaged . | . . . Parts Stolen . | . . . Parts Stripped . | . . . Power Chain Reactions . | . . . Alert | -11 -10 -10 ------- Run | Yrd Mat Sub Peak Influence 233 | . 233 . Initial . | . . . Average 54 | . 56 . Maximum Alert Level 1 | . 1 . Low Security (%) 94 | 100 94 . Level 1 5 | . 5 . Level 2 . | . . . Level 3 . | . . . Level 4 . | . . . Level 5 . | . . . High Security . | . . . Max Security . | . . . Squads Dispatched 2 | . 2 . Investigation 2 | . 2 . Extermination . | . . . Reinforcement . | . . . Assault . | . . . Garrison . | . . . Intercept . | . . . Searches Triggered . | . . . Construction Impeded . | . . . Haulers Reinforced . | . . . Active Scanning Responses . | . . . Cargo Convoy Interrupts . | . . . Stealth | -11 -10 -10 --------- Run | Yrd Mat Sub Distress Signals . | . . . Communications Jammed . | . . . Distress Signals . | . . . Times Spotted 88 | . 20 68 Peak Tracking Total 6 | . 3 6 Tactical Retreats 4 | . . 4 Traps | -11 -10 -10 ------- Run | Yrd Mat Sub Traps Triggered 4 | . 3 1 Indirectly . | . . . Trap Hack Attempts . | . . . Triggered . | . . . Disarmed . | . . . Reprogrammed . | . . . Reused . | . . . Traps Extracted . | . . . Installed . | . . . Triggered . | . . . Machines | -11 -10 -10 ---------- Run | Yrd Mat Sub Machines Disabled 4 | . . 4 Max in Single Turn 2 | . . 2 Machines Repaired . | . . . Machines Dismantled . | . . . Machines Sabotaged . | . . . Overloaded Fab Kills . | . . . Hacking | -11 -10 -10 --------- Run | Yrd Mat Sub Machines Accessed 9 | . 9 . Terminals 7 | . 7 . Fabricators . | . . . Repair Stations 1 | . 1 . Recycling Units 1 | . 1 . Scanalyzers . | . . . Garrison Access . | . . . Total Hacks 30 | . 30 . Successful 19 | . 19 . Failed 11 | . 11 . Catastrophic 1 | . 1 . Database Lockouts . | . . . Manual 20 | . 20 . Terminals 23 | . 23 . Fabricators . | . . . Repair Stations 6 | . 6 . Recycling Units 1 | . 1 . Scanalyzers . | . . . Garrison Access . | . . . Terminal Hacks 6 | . 6 . Record 1 | . 1 . Part Schematic 1 | . 1 . Prototype ID Bank 2 | . 2 . Branch Access Points 1 | . 1 . Terminal Index 1 | . 1 . Fabricator Hacks . | . . . Repair Station Hacks 6 | . 6 . Scan Component 3 | . 3 . Repair 3 | . 3 . Recycling Unit Hacks 1 | . 1 . Retrieve Components 1 | . 1 . Scanalyzer . | . . . Garrison Access Hacks . | . . . Unauthorized Hacks 6 | . 6 . Terminals 6 | . 6 . Botnet 6 | . 6 . Fabricators . | . . . Repair Stations . | . . . Recycling Units . | . . . Scanalyzers . | . . . Garrison Access . | . . . Data Cores Recovered . | . . . Used . | . . . Hacking Detections 8 | . 8 . Full Trace Events 3 | . 3 . Feedback Events . | . . . Feedback Blocked . | . . . Robot Schematics Acquired . | . . . Robots Built . | . . . Authchips . | . . . Time . | . . . Total Robot Build Rating . | . . . Part Schematics Acquired 1 | . 1 . Parts Built . | . . . Authchips . | . . . Time . | . . . Total Part Build Rating . | . . . Parts Repaired 3 | . 3 . Time 84 | . 84 . Parts Recycled . | . . . Recycled Matter . | . . . Retrieved Matter . | . . . Retrieved Components 10 | . 10 . Parts Scanalyzed . | . . . Part Schematics Acquired . | . . . Parts Damaged . | . . . Bothacking | -11 -10 -10 ------------ Run | Yrd Mat Sub Used RIF Installer . | . . . Robots Hacked . | . . . Non-combat . | . . . Combat . | . . . Robot Hacks Applied . | . . . Relay Couplers Released . | . . . Fabnet Peak Effective % . | . . . Robots Rewired . | . . . Allies Hacked . | . . . Hacks Repelled . | . . . Allies | -11 -10 -10 -------- Run | Yrd Mat Sub Total Allies . | . . . Largest Group . | . . . Highest-Rated Group . | . . . Highest-Rated Ally . | . . . Total Orders . | . . . Ally Attacks . | . . . Total Damage . | . . . Kills . | . . . Allies Corrupted . | . . . Allies Melted . | . . . Intel | -11 -10 -10 ------- Run | Yrd Mat Sub Robot Analysis Total . | . . . Derelict Logs Recovered 1 | . . 1 Drone Launches . | . . . Drone Recoveries . | . . . Exploration | -11 -10 -10 ------------- Run | Yrd Mat Sub Turns Passed 3546 | 65 2402 1079 Spaces Moved 1673 | 47 1077 549 Core 39 | 39 . . Treads 459 | 8 451 . Legs . | . . . Wheels 1175 | . 626 549 Hover . | . . . Flight . | . . . Fastest Speed 50 | 50 160 140 Average Speed 171 | 99 178 163 Slowest Speed 400 | 160 400 290 Overloaded Moves . | . . . Propulsion Burnouts . | . . . Robots Hopped . | . . . Cave-ins Triggered . | . . . Exploration Rate (%) 48 | 4 97 43 Regions Visited 2 Branch Regions 1 Pre-discovered Areas . | . . . Known Exits Taken . | . . . Unknown Exits Taken 2 | 1 1 . Scrap Searched 9 | . . 9 Spaces Dug . | . . . Terrain Destroyed 38 | . . 38 Melee . | . . . Projectile 4 | . . 4 AOE 34 | . . 34 Terrain Rammed . | . . . Walls Destroyed . | . . . Machines Disabled . | . . . Actions | -11 -10 -10 --------- Run | Yrd Mat Sub Total 2161 | 64 1434 663 Wait 179 | 5 167 7 Move 1671 | 46 1076 549 Hop . | . . . Pick Up 79 | 5 52 22 Fast Attach 10 | 3 7 . Attach 19 | 3 5 11 Detach . | . . . Swap 15 | 1 9 5 Drop 35 | 1 18 16 Fire 153 | . 100 53 Melee . | . . . Ram . | . . . Kick . | . . . Crush . | . . . Escape Stasis . | . . . Rewire . | . . . Trap . | . . . Miscellaneous . | . . . Route ------- -11/Scrapyard -10/Materials (discovered 4 exits: [*Mat x2] / *Min / [*Sub]) -10/Subcaves (discovered 3 exits: [*Mat x2] / [*Rec]) History --------- Turn | Location | Event 11 | -11/Scrapyard | Discovered new exit (range 15) 66 | -11/Scrapyard | Entered Materials 219 | -10/Materials | Discovered new exit (range 14) 305 | -10/Materials | Build established: Mutant 783 | -10/Materials | Repaired Lgt. Treads 810 | -10/Materials | Repaired Lgt. Treads 842 | -10/Materials | Repaired Particle Gun 866 | -10/Materials | Discovered new exit (range 3) 1256 | -10/Materials | Build established: Hauler-Mutant 1361 | -10/Materials | Discovered new exit (range 14) 1695 | -10/Materials | Identified exit to Mines 1982 | -10/Materials | Discovered new exit (range 6) 2468 | -10/Materials | Entered Subcaves 2470 | -10/Subcaves | Shifting Twisted Machinery released Sub. Machine Gun 2471 | -10/Subcaves | Shifting Twisted Machinery released Sub. Beam Cannon 2473 | -10/Subcaves | Shifting Twisted Machinery released Sub. Monowheel 2491 | -10/Subcaves | Discovered new exit (range 9) 2684 | -10/Subcaves | Learned Materials non-interactive machine intel 2960 | -10/Subcaves | Core integrity fell below 50% 3320 | -10/Subcaves | Discovered new exit (range 7) 3459 | -10/Subcaves | Discovered new exit (range 9) 3476 | -10/Subcaves | A swath of the cavern ceiling suddenly collapsed 3546 | -10/Subcaves | Core integrity fell below 20% 3547 | -10/Subcaves | Destroyed by X0-PYQ(R) with Subdweller Beam Cannon Last Messages --------------- 03256_ Spikes shoot up from the floor. 03256_ Critical hit (Impale). 03278_ Lgt. Ion Engine destroyed. 03279_ Particle Gun destroyed. 03309_ Sub. Power Source melted. 03309_ Sub. Laser melted. 03309_ L4-NOT(R) destroyed. 03319_ Acquired 20 matter. 03320_ EXIT=FOUND 03326_ 0M-7RU(R) destroyed. 03339_ Acquired Sub. Monowheel. 03401_ Sub. Monowheel shoots sparks and powers down. 03402_ Dropped Broken Sub. Monowheel. 03409_ Acquired 10 matter. 03418_ Acquired Sub. Power Source. 03459_ EXIT=FOUND A swath of the cavern ceiling suddenly collapses. 03543_ Sub. Monowheel destroyed. Map ----- +----------------------------------------------------+ | ?????????????????????????????????????????????????? | | ?????????????????????????????????????????????????? | | ?????????????????????????????????????????????????? | | ?????????????????????????????????????????????????? | | ?????????????????????????????????????????????????? | | ?????????????????????????????????????????????????? | | ?????????????????????????????????????????????????? | | ?????????????????????????????????????????????????? | | ?????????????????????????????????????????????????? | | ?????????????????????????????????????????????????? | | ?????????????????????????????????????????????????? | | ??????????????????????""?????????????????????????? | | ????????????????????? ?????????#???????????????? | | ????????????????????? ????????# ???????????????? | | ?????????????????????# ???????? ???????????????? | | ?????????????????????#" ???????? ##?????????????? | | ?????????????????????" ???????# ??????????????? | | ?????????????????????? ??????? # ??????????????? | | ?????????????????????? ####???? ??????????????? | | ??????????????????????? ;;????? ??????????????? | | ??????????????????????? ;????? ??????????????? | | ???????????????????????#RR#????? #??????????????? | | ???????????????????????# #?????###??????????????? | | ???????????????????????# #?????#"###????????????? | | ???????????????????????# #######" ##???????????? | | ???????????????????????# @ # ## #???????????? | | ???????????????????????# ## < ##??????????? | | ????????????????????#### ## #??????????? | | ????????????????????# #### #??????????? | | ????????????????????## ##?# # #??????????? | | ?????????????????????# ### # ##??????????? | | ????????????????????## ## # #??????????? | | ???????????????????## ## ##??????????? | | ?????????????????### ## #???????????? | | ????????????????## ##### ###???????????? | | ????????????????# ####### ##???????????? | | ????????????????# ### #???????????? | | ????????????????### ## #???????????? | | ??????????????????## ## #?????????### | | ???????????????????##### #????????## | | ???????????????????????#### # [ ##????##### | | ???????????????? ## #???# # ##????## | | ?????????????? ## ######?## | | ????????????????????# #### #?# | | ????????????????????## ## ### | | ?????????????????????### # # ### | | ???????????????????????######## ### | | ??????????????????????????????# #### | | ??????????????????????????????## ## ## | | ???????????????????????????????# ## | +----------------------------------------------------+ Best States ------------- Heat Dissipation 25 Energy Generation 10 Energy Capacity 250 Matter Stores 427 Matter Capacity 500 Sight Range 16 Terrain Scan Density 10 Resistance: KI 20 Resistance: TH 20 Resistance: EX 20 Resistance: EM 20 Resistance: I 20 Resistance: S 20 Resistance: P 20 Evasion (%) 50 Recoil Reduction 2 Offensive Hacking 10 Item Schematics ----------------- Huge Storage Unit | -10/Materials | Hacked Robot Schematics ------------------ None Fabricated ------------ Nothing Alien Tech Used ----------------- None Achievements -------------- None Challenges ------------ None Game ------ Seed SurgeProcessingRipper Manual? 0 Play Time 00:22:35 Cumulative 82.6 hours Start 2024.07.25 @ 15:20:55 End 2024.07.25 @ 18:52:29 Sessions 1 Manual Loads 0 Difficulty Adventurer Special Mode None Game No. 120 Rogue 0 Adventurer 120 Explorer 0 Win Type - Total 0 Types 0/0/0/0/0/0/0/0/0 Lore% 44 Gallery% 46 Achievement% 33 Wizard Run 0 Options --------- Layout 2 ASCII 0 Keyboard 0 Movement Mouse Keybinds 0 Fullscreen 2 Font 48/Smallcaps Map View 50x44 Zoom Use 0% Tactical HUD 1 Map Filters NONE Filters NONE Steam 1 RUN: 2257ba91-b39d-40ad-8df7-2b7f7cdb8b43